 Dungeon Crawl Stone Soup version 0.19-a0-1238-gee6bd96 (webtiles) character file.

12150 George the Fighter (level 11, -7/90 HPs)
             Began as a Demonspawn Berserker on Aug 26, 2016.
             Was a High Priest of Trog.
             Killed from afar by a gargoyle (31 damage)
             ... with a stone arrow
             ... in a labyrinth.
             The game lasted 00:31:54 (10148 turns).

George the Fighter (Demonspawn Berserker)          Turns: 10148, Time: 00:31:54

Health: -7/90      AC: 25    Str: 20    XL:     11   Next: 58%
Magic:  11/11      EV: 10    Int:  8    God:    Trog [*****.]
Gold:   102        SH:  0    Dex: 14    Spells: 0 memorised, 10 levels left

rFire  . . .     SeeInvis .     x - +1 war axe
rCold  + . .     Gourm    .     I - +0 plate armour
rNeg   . . .     Faith    .     (no shield)
rPois  +         Spirit   .     k - +0 helmet
rElec  .         Dismiss  .     a - +1 cloak
rCorr  .         Reflect  .     p - +0 pair of gloves
MR     ++...     Harm     .     (no boots)
Stlth  .......... Rnd*Tele +    (no amulet)
                                O - ring of teleportation (curse)
                                q - ring of poison resistance

@: exhausted, sanguine armour, regenerating
A: talons 1, cold resistance 1, demonic guardian 1, augmentation 1, freezing
cloud immunity, sanguine armour 1
a: Berserk, Trog's Hand, Brothers in Arms, Burn Spellbooks, Renounce Religion


You were in a labyrinth.
You worshipped Trog.
Trog was extremely pleased with you.
You were hungry.

You visited 2 branches of the dungeon, and saw 13 of its levels.
You also visited: Labyrinth.

You collected 550 gold pieces.
You spent 448 gold pieces at shops.

Inventory:

Hand Weapons
 f - a +2 flail of protection
 x - a +1 war axe (weapon)
 E - a +1 vampiric broad axe
Armour
 a - a +1 cloak (worn)
 k - a +0 helmet (worn)
 p - a +0 pair of gloves (worn)
 I - a +0 plate armour (worn)
Jewellery
 q - a ring of poison resistance (left hand)
 r - an uncursed ring of positive energy
 O - a cursed ring of teleportation (right hand)
Wands
 l - a wand of acid (9/15)
 G - a wand of iceblast (7/15)
 H - a wand of confusion (26/48)
 J - a wand of flame (5/48)
 L - a wand of flame (25/48)
 N - a wand of lightning (4/15)
Scrolls
 b - a scroll of magic mapping
 e - 3 scrolls of fog
 g - a scroll of enchant weapon
 j - 3 scrolls of immolation
 t - 2 scrolls of teleportation
 u - a scroll of fear {unknown}
 w - a scroll of recharging
 y - 2 scrolls of enchant armour
 A - a scroll of remove curse
Potions
 i - a potion of cancellation
 m - 5 potions of curing
 n - 2 potions of flight
 v - 6 potions of heal wounds
 z - a potion of cure mutation
 B - 2 potions of might
 D - 4 potions of ambrosia
Miscellaneous
 M - a sack of spiders
Comestibles
 c - 6 bread rations
 h - 22 fruits
 o - 7 meat rations
 C - 4 slices of pizza


   Skills:
 + Level 9.7 Fighting
 + Level 9.2 Axes
 + Level 8.7 Armour
 + Level 8.9 Dodging


You had 10 spell levels left.
You didn't know any spells.

Dungeon Overview and Level Annotations

Branches:
Dungeon (12/15)            Temple (1/1) D:4            Lair (0/6) D:11
    Orc (0/2) D:11

Altars:
Ashenzari
Cheibriados
Dithmenos
Elyvilon
Fedhas
Gozag
Hepliaklqana
Kikubaaqudgha
Makhleb
Nemelex Xobeh
Okawaru
Qazlal
Ru
Sif Muna
Trog
Uskayaw
Vehumet
Xom
Yredelemnul
Zin
The Shining One

Shops:
D:9 *

Annotations:
D:3 1 runed door


Innate Abilities, Weirdness & Mutations

You have sharp toenails.
Your flesh is cold resistant. (rC+)
A weak demonic guardian rushes to your aid.
Your magical and physical power is slightly enhanced at high health.
You are immune to freezing clouds.
When seriously injured, your bleeding wounds create armour. (AC +6)


Message History

Trog accepts your kill.
You feel yourself speed up.
The gargoyle hurls a stone arrow at you.
The stone arrow hits you!
* * * LOW HITPOINT WARNING * * *
The gargoyle hurls a stone arrow at you.
The stone arrow misses you.
You're too exhausted to go berserk.
Okay, then.
Evoke which item? (* to show all) (? for menu, Esc to quit)
Zapping:
l - a wand of acid {zapped: 2} (will waste charges)
Press: ? - help, Shift-Dir - straight line, f - gargoyle, p - gargoyle
Aim: a gargoyle, wielding a flail The bolt of acid hits the gargoyle.
The gargoyle appears unharmed.
The bolt of acid hits the gargoyle.
The acid corrodes the gargoyle!
The gargoyle is lightly damaged.
Evoking this partially-identified wand wasted a few charges.
The gargoyle hurls a stone arrow at you.
The stone arrow hits you!
You die...

#. $.. #.#
### .# #.. #
../ #..#####
######## .
...#.....).)
.# #..
.#.#### # ##
#. 9.# . .#
#....# #9#.#
#.. # #.
#@#.# . .. .
###. ##. . #
... #... # #
## # . . . #
. # . #
#.#... # ##
# #. ... .


You could see 2 gargoyles.

Vanquished Creatures
  2 hill giants (D:11)
  2 ugly things
  Joseph (D:8)
  A centaur skeleton (D:10)
  2 gargoyles (Lab)
  A komodo dragon (D:11)
  A troll (D:11)
  A two-headed ogre (D:10)
  4 slime creatures (D:12)
  A shadow (D:11)
  A wraith (D:7)
  10 yaks
  A wyvern (D:11)
  4 basilisks (Lab)
  A hippogriff (D:12)
  A hungry ghost (D:9)
  Duvessa (D:7)
  A water moccasin (D:10)
  The ghost of epen the Ducker, an amateur FeMo of Dithmenos (D:5)
  4 sky beasts
  3 orc warriors
  A phantom (D:11)
  2 necrophages
  2 ogres
  A black bear (D:10)
  5 centaurs
  6 big kobolds
  An elf zombie (D:7)
  4 giant frogs
  Dowan (D:7)
  4 scorpions
  6 killer bees (D:10)
  9 wights
  The ghost of Duffy the Slasher, a weakling DsMo (D:3)
  A troll skeleton (D:7)
  6 crimson imps
  A spriggan skeleton (Lab)
  4 howler monkeys
  A centaur zombie (D:9)
  2 hounds
  2 jellies
  A giant frog skeleton (D:4)
  5 human zombies (D:7)
  Crazy Yiuf (D:3)
  6 orc priests
  3 iguanas
  8 orc wizards
  9 worker ants
  A hound skeleton (D:11)
  2 worker ant zombies (D:6)
  A howler monkey zombie (D:6)
  11 adders
  A shadow imp (D:10)
  An ooze (D:3)
  An adder skeleton (D:6)
  An adder zombie (D:7)
  4 worms
  2 dart slugs (D:3)
  3 giant geckos
  40 orcs
  9 bats
  7 giant cockroaches
  7 goblins
  7 hobgoblins
  6 jackals (D:10)
  3 quokkas
  A giant gecko skeleton (D:8)
  2 giant newts
  A jackal zombie (D:6)
  32 kobolds
  5 rats
  2 fungi (D:3)
  2 plants (D:11)
289 creatures vanquished.

Vanquished Creatures (collateral kills)
  A centaur skeleton (D:11)
  An ogre (D:5)
  A hound (D:10)
  An adder (D:4)
  2 orcs
  A jackal (D:10)
7 creatures vanquished.

Vanquished Creatures (others)
  An orc wizard (D:7)
  A plant (D:11)
2 creatures vanquished.

Grand Total: 298 creatures vanquished

Notes
Turn   | Place    | Note
-------+----------+-------------------------------------------
     0 | D:1      | George the Demonspawn Berserker began the quest for the Orb.
     0 | D:1      | Reached XP level 1. HP: 18/18 MP: 1/1
    94 | D:1      | Gained mutation: A weak demonic guardian rushes to your aid. [demonic ancestry]
    94 | D:1      | Reached XP level 2. HP: 21/24 MP: 2/2
   474 | D:2      | Reached XP level 3. HP: 26/29 MP: 3/3
   757 | D:2      | Reached ** piety under Trog
   944 | D:2      | Reached XP level 4. HP: 34/36 MP: 4/4
  1351 | D:3      | Gained mutation: When seriously injured, your bleeding wounds create armour. (AC +6) [demonic ancestry]
  1351 | D:3      | Reached XP level 5. HP: 42/42 MP: 5/5
  1400 | D:3      | Noticed Duffy's ghost (weakling DsMo)
  1414 | D:3      | Killed Duffy's ghost
  1437 | D:3      | Found a runed door.
  1438 | D:3      | Found a white marble altar of Elyvilon.
  1438 | D:3      | Noticed an angel
  1508 | D:3      | Reached *** piety under Trog
  1709 | D:3      | Gained mutation: Your flesh is cold resistant. (rC+) [demonic ancestry]
  1709 | D:3      | Reached XP level 6. HP: 44/48 MP: 6/6
  1981 | D:3      | Found a runed door.
  1985 | D:3      | Noticed Crazy Yiuf
  1993 | D:3      | Paralysed by Crazy Yiuf for 4 turns
  1999 | D:3      | Killed Crazy Yiuf
  2349 | D:4      | Found a staircase to the Ecumenical Temple.
  2355 | Temple   | Entered the Ecumenical Temple
  2851 | D:4      | Gained mutation: You are immune to freezing clouds. [demonic ancestry]
  2851 | D:4      | Reached XP level 7. HP: 49/55 MP: 7/7
  2969 | D:5      | Entered Level 5 of the Dungeon
  2987 | D:5      | Noticed epen's ghost (amateur FeMo)
  3018 | D:5      | Killed epen's ghost
  3018 | D:5      | Reached skill level 5 in Fighting
  3992 | D:6      | Found a stormy altar of Qazlal.
  3993 | D:6      | Found an opulent altar of Gozag.
  4152 | D:6      | Reached skill level 5 in Axes
  4152 | D:6      | Gained mutation: You have sharp toenails. [demonic ancestry]
  4152 | D:6      | Reached XP level 8. HP: 40/63 MP: 8/8
  4181 | D:6      | Reached **** piety under Trog
  4291 | D:7      | Reached skill level 5 in Armour
  4621 | D:7      | Reached skill level 5 in Dodging
  4654 | D:7      | Noticed Duvessa
  4654 | D:7      | Noticed Dowan
  4666 | D:7      | Killed Dowan
  4669 | D:7      | Killed Duvessa
  5328 | D:7      | Found a basalt altar of Yredelemnul.
  5370 | D:7      | Gained mutation: Your magical and physical power is slightly enhanced at high health. [demonic ancestry]
  5370 | D:7      | Reached XP level 9. HP: 63/71 MP: 9/9
  5611 | D:8      | Noticed Joseph
  5629 | D:8      | Killed Joseph
  5837 | D:8      | Reached ***** piety under Trog
  6305 | D:9      | Reached XP level 10. HP: 57/80 MP: 10/10
  6317 | D:9      | Received a gift from Trog
  6579 | D:9      | Found Uxais's Assorted Antiques.
  6587 | D:9      | Bought a slimy chain mail for 218 gold pieces
  6597 | D:9      | Identified the +5 chain mail of Idiriatea {Dex+4 Slay-2 Stlth+} (You bought it in a shop on level 9 of the Dungeon)
  6610 | D:9      | Bought a runed broad axe for 92 gold pieces
  6612 | D:9      | Bought a thin fluorescent amulet for 115 gold pieces
  6618 | D:9      | Bought a scroll labeled YTTION HI PACZA for 23 gold pieces
  6828 | D:10     | Entered Level 10 of the Dungeon
  7231 | D:10     | Noticed a brown ugly thing
  7244 | D:10     | Killed a brown ugly thing
  8931 | D:11     | Reached XP level 11. HP: 87/87 MP: 11/11
  8968 | D:11     | Found a staircase to the Orcish Mines.
  9077 | D:11     | Noticed a hill giant
  9086 | D:11     | Killed a hill giant
  9288 | D:11     | Noticed a hill giant
  9296 | D:11     | Killed a hill giant
  9352 | D:11     | Noticed a white ugly thing
  9366 | D:11     | Killed a white ugly thing
  9458 | D:11     | Found a staircase to the Lair.
  9901 | D:12     | Found a labyrinth entrance.
  9907 | Lab      | Entered a labyrinth
 10148 | Lab      | Killed from afar by a gargoyle

Vault maps used:
D:1:      mainiacjoe_arrival_reflecting_pool
D:3:      first_bread, lemuel_angel_altar, uniq_crazy_yiuf_cottage
D:6:      minmay_diamond_boxcup, gammafunk_temple_overflow_statue
D:7:      lemuel_mausoleum_altar_yredelemnul, uniq_duvessa
D:8:      uniq_joseph
D:9:      serial_shops, shop, blue_anna_alchemist
D:11:     david_lair_shrubbed, orc_0_dummy
D:12:     lab_entry_generic
Temple:   dpeg_five_rooms_temple
Lab:      nicolae_lab_dead_end, nicolae_lab_blocks, labyrinth_skeletal_remains,
          nicolae_lab_grate, nicolae_lab_t_cross, nicolae_lab_do_over,
          nicolae_lab_plus, nicolae_lab_swirl, nicolae_lab_arrow,
          nicolae_lab_checkerboard

Skill      XL: |  1  2  3  4  5  6  7  8  9 10 11 |
---------------+----------------------------------+-----
Dodging        | 2 3 4 5 6 8 |  8.9
Armour         | 2 3 4 5 6 7 8 |  8.7
Axes           | 3 4 5 6 7 8 9 |  9.2
Fighting       | 4 5 6 7 8 9 |  9.7

Action                   |  1- 3 |  4- 6 |  7- 9 | 10-12 || total
-------------------------+-------+-------+-------+-------++-------
Melee: Hand axe          |   136 |   147 |       |       ||   283
       War axe           |       |    72 |   407 |   449 ||   928
       Kick              |       |       |   116 |   149 ||   265
Invok: Berserk           |       |     2 |     1 |     5 ||     8
       Burn Spellbooks   |       |       |     3 |     1 ||     4
       Trog's Hand       |       |       |     2 |     4 ||     6
Evoke: Wand              |       |       |       |     6 ||     6
  Use: Scroll            |       |       |    16 |    10 ||    26
 Stab: Distracted        |       |       |     1 |     4 ||     5
  Eat: Chunk             |       |    10 |     8 |    20 ||    38
       Bread ration      |       |       |     1 |       ||     1
       Fruit             |       |       |     1 |     1 ||     2
Armor: Animal skin       |     3 |       |       |       ||     3
       Chain mail        |   101 |   125 |   189 |       ||   415
       Plate armour      |       |       |    35 |   309 ||   344
Dodge: Dodged            |    81 |    94 |   175 |   193 ||   543
